 Dungeon Crawl Stone Soup version 0.17-a0-2108-g65e8068 (webtiles) character file.

151 Kromin the Chopper (level 5, -2/32 HPs)
             Began as a Tengu Berserker on Oct 19, 2015.
             Was a Priest of Trog.
             Slain by a phantom (6 damage)
             ... on level 4 of the Dungeon.
             The game lasted 00:05:44 (2721 turns).

Kromin the Chopper (Tengu Berserker)                Turns: 2721, Time: 00:05:45

Health: -2/32      AC:  5    Str: 18    XL:     5   Next: 33%
Magic:  6/6        EV: 11    Int:  7    God:    Trog [***...]
Gold:   147        SH:  0    Dex: 14    Spells: 0 memorised, 4 levels left

rFire  . . .     SeeInvis .     a - +0 hand axe
rCold  . . .     Clarity  .     p - +0 ring mail
rNeg   . . .     SustAt   .     (no shield)
rPois  .         Gourm    .     (helmet restricted)
rElec  .         Spirit   .     (no cloak)
rCorr  .         Warding  .     (no gloves)
rMut   .         Stasis   .     (boots unavailable)
MR     .....                    (no amulet)
Stlth  +.........               (no ring)
                                (no ring)

@: exhausted, slowed, very slow, not resistant to hostile enchantments, very
unstealthy
A: beak, talons 3, able to fly 1
a: Fly, Berserk, Trog's Hand, Burn Spellbooks, Renounce Religion


You were on level 4 of the Dungeon.
You worshipped Trog.
Trog was most pleased with you.
You were very hungry.

You visited 1 branch of the dungeon, and saw 4 of its levels.

You collected 147 gold pieces.

Inventory:

Hand Weapons
 a - a +0 hand axe (weapon)
Armour
 b - a +0 animal skin
 h - a +0 leather armour
 p - a +0 ring mail (worn)
Scrolls
 d - 2 scrolls of immolation {unknown}
 g - 3 scrolls of remove curse {unknown}
 j - 2 scrolls of noise {unknown}
 k - a scroll of enchant armour {unknown}
 l - a scroll of enchant weapon {unknown}
 m - a scroll of fear {unknown}
 q - 6 scrolls of identify {unknown}
Potions
 e - 5 potions of curing
 f - 2 potions of brilliance {unknown}
 o - a potion of might {unknown}
 r - a potion of lignification {unknown}
 s - a potion of magic {unknown}
Comestibles
 c - 3 bread rations
 i - 3 fruits
 n - 2 slices of pizza


   Skills:
 - Level 3.0 Fighting
 + Level 6.4 Axes
 - Level 2.1 Armour
 - Level 2.1 Dodging


You had 4 spell levels left.
You didn't know any spells.

Dungeon Overview and Level Annotations

Branches:
Dungeon (4/15)
 Temple: D:4-7

Altars:
Cheibriados


Innate Abilities, Weirdness & Mutations

You have a beak for a mouth.
You have claws for feet.
You can fly.


Message History

You feel a strong urge to attack something.
You are no longer berserk.
You are exhausted.
You feel yourself slow down.
You are feeling hungry.
The phantom blinks!
Use which ability?
You're too exhausted to go berserk.
The phantom blinks!
The phantom blinks!
You are feeling very hungry.
Your ring mail prevents you from hitting the phantom.
You claw the phantom, but do no damage.
The phantom is heavily damaged.
The phantom closely misses you. The phantom hits you.
* * * LOW HITPOINT WARNING * * *
You completely miss the phantom. You peck the phantom, but do no damage.
The phantom is heavily damaged.
The phantom hits you.
You die...

#. .# ##.####.#
#.......
#.....# .##
#.....# ..#
#.....# #.#
#.....# #.#
#####.### ...
#....@W# #.#
#.###..# #.#
#.###..# #<#
#.##...#
#.####.##.#.#
#......##.#.#.#
######........#
####...###
#...#


You could see a phantom.

Vanquished Creatures
  A hound (D:3)
  Robin (D:2)
  3 adders
  3 worms
  2 giant geckos
  14 bats
  2 giant cockroaches
  15 goblins
  14 hobgoblins
  3 kobolds
  2 quokkas
  4 giant newts
  4 jackals
  7 rats
75 creatures vanquished.

Notes
Turn   | Place    | Note
--------------------------------------------------------------
     0 | D:1      | Kromin the Tengu Berserker began the quest for the Orb.
     0 | D:1      | Reached XP level 1. HP: 14/14 MP: 2/2
   248 | D:1      | Reached XP level 2. HP: 19/19 MP: 3/3
   259 | D:1      | Reached skill level 4 in Axes
   694 | D:2      | Noticed Robin
   697 | D:2      | Reached XP level 3. HP: 18/23 MP: 4/4
   697 | D:2      | Reached ** piety under Trog
   703 | D:2      | Killed Robin
   798 | D:2      | Reached skill level 5 in Axes
  1211 | D:2      | Reached XP level 4. HP: 26/28 MP: 5/5
  1268 | D:2      | Found a snail-covered altar of Cheibriados.
  1562 | D:3      | Reached *** piety under Trog
  2052 | D:3      | Reached skill level 6 in Axes
  2052 | D:3      | Gained mutation: You can fly. [Tengu growth]
  2052 | D:3      | Reached XP level 5. HP: 27/32 MP: 6/6
  2693 | D:4      | Noticed a phantom
  2721 | D:4      | Slain by a phantom

Vault maps used:
D:1:      minmay_arrival_radiant_lines
D:2:      cheibriados_altar_1, uniq_robin
D:3:      first_bread
D:4:      uniq_crazy_yiuf_cottage, uniq_edmund

Action                   |  1- 3 |  4- 6 || total
-------------------------+-------+-------++-------
Melee: Hand axe          |    90 |   104 ||   194
Invok: Berserk           |     1 |     2 ||     3
  Use: Potion            |       |     1 ||     1
 Stab: Sleeping          |     1 |       ||     1
  Eat: Chunk             |     1 |     7 ||     8
